 Dungeon Crawl Stone Soup version 0.20-a0-772-g73021bd (webtiles) character file.

67 polly the Slasher (level 4, 19/34 HPs)
             Began as a Demonspawn Gladiator on Feb 26, 2017.
             Quit the game on level 2 of the Dungeon.
             The game lasted 00:01:06 (1025 turns).

polly the Slasher (Demonspawn Gladiator)            Turns: 1025, Time: 00:01:07

Health: 19/34      AC:  6    Str: 15    XL:     4   Next: 0%
Magic:  4/4        EV: 13    Int: 10    God:
Gold:   58         SH:  0    Dex: 14    Spells: 3/3 levels left

rFire    . . .     SeeInvis .   a - +0 long sword
rCold    + . .     Gourm    .   b - +0 leather armour
rNeg     . . .     Faith    .   (no shield)
rPois    .         Spirit   .   c - +0 helmet
rElec    .         Reflect  .   (no cloak)
rCorr    .         Harm     .   (no gloves)
MR       .....                  (no boots)
Stlth    ++........             (no amulet)
Regen    0.2/turn               (no ring)
MPRegen  0.1/turn               j - ring of protection from cold

@: mildly poisoned (19 -> 17)
A: slimy green scales 1, nightstalker 1
a: no special abilities


You were on level 2 of the Dungeon.
You were hungry.

You visited 1 branch of the dungeon, and saw 2 of its levels.

You collected 58 gold pieces.

Inventory:

Hand Weapons
 a - a +0 long sword (weapon)
Missiles
 d - 3 throwing nets (quivered)
Armour
 b - a +0 leather armour (worn)
 c - a +0 helmet (worn)
Jewellery
 j - a ring of protection from cold (left hand)
 k - an uncursed ring of positive energy {unknown}
Scrolls
 e - a scroll of teleportation {unknown}
 i - a scroll of identify {unknown}
 n - a scroll of remove curse {unknown}
 o - a scroll of immolation {unknown}
Potions
 g - a potion of agility {unknown}
Comestibles
 f - 2 bread rations
 h - a royal jelly
 l - a fruit
 m - a meat ration


   Skills:
 + Level 2.5 Fighting
 + Level 3.4 Long Blades
 + Level 1.8 Throwing
 + Level 0.5 Armour
 + Level 3.3 Dodging


You had 3 spell levels left.
You didn't know any spells.

Dungeon Overview and Level Annotations

Branches:
Dungeon (2/15)

Altars:


Innate Abilities, Weirdness & Mutations

You are partially covered in slimy green scales. (AC +2)
You are slightly more attuned to the shadows.


Message History

The adder hisses angrily.
You hit the adder.
The adder is lightly wounded.
The adder bites you but does no damage.
You hit the adder.
The adder is heavily wounded.
The adder bites you.
You are poisoned.
The adder poisons you! The adder closely misses you.
You riposte.
You barely miss the adder.
The adder is heavily wounded.
You hit the adder.
The adder is heavily wounded.
You feel sick. The adder bites you. x2
You slash the adder!
You kill the adder!
You have reached level 4!
You feel clever.
Your demonic ancestry asserts itself...
You slip into the darkness of the dungeon.
Are you sure you want to abandon this character and quit the game? (Confirm with "yes".)

#....#....# #.#
#.#######.# #####.#
#....#....###.#.#.# ##.#
##.#.#.##.##...#..###...
#.#.#.##.###.#.#.#.#..#
#.#...##..........#...#
#............#.#.###..#
###.####.#####.....#..###
#.# #@# ###.#.#..##. #.#
#.# ##.....#.. #.# #.#
##.#..... #.# #.#
#.#..... #. #.# #.#.....
#.# ........ #.. #.###...
..# #.# #... ..# ###.


There were no monsters in sight!

Vanquished Creatures
  2 adders (D:2)
  An ooze (D:1)
  A worm (D:2)
  A leopard gecko (D:1)
  5 bats
  2 giant cockroaches
  2 goblins
  8 hobgoblins
  2 jackals (D:1)
  2 quokkas
  3 ball pythons
  3 frilled lizards (D:1)
  2 kobolds (D:1)
  5 rats
39 creatures vanquished.

Notes
Turn   | Place    | Note
-------+----------+-------------------------------------------
     0 | D:1      | polly the Demonspawn Gladiator began the quest for the Orb.
     0 | D:1      | Reached XP level 1. HP: 16/16 MP: 1/1
    42 | D:1      | Gained mutation: You are partially covered in slimy green scales. (AC +2) [demonic ancestry]
    42 | D:1      | Reached XP level 2. HP: 19/22 MP: 2/2
   542 | D:1      | Reached XP level 3. HP: 24/28 MP: 3/3
  1024 | D:2      | Gained mutation: You are slightly more attuned to the shadows. [demonic ancestry]
  1024 | D:2      | Reached XP level 4. HP: 19/34 MP: 4/4
  1025 | D:2      | Quit the game

Vault maps used:
D:1:      matt_arrival_diagonals, minmay_door_square, corner_web_ring
D:2:      kennysheep_generic_room_16

Skill      XL: |  1  2 |
---------------+-------+-----
Dodging        | 3 |  3.3
Long Blades    | 3 |  3.4
Fighting       | |  2.5
Throwing       | |  1.8
Armour         | |  0.5

Action                   |  1- 3 |  4- 6 || total
-------------------------+-------+-------++-------
Melee: Long sword        |   115 |       ||   115
Armor: Leather armour    |    49 |       ||    49
Dodge: Dodged            |   119 |       ||   119
       Rpst.: Long sword |    37 |       ||    37
